 Dungeon Crawl Stone Soup version 0.28.0-45-g0d030f2227 (webtiles) character file.

Game seed: 2324852185885002457

146463 Peloso the Fencer (level 16, -2/150 HPs)
             Began as a Minotaur Fighter on Apr 18, 2022.
             Was the Champion of Okawaru.
             Killed from afar by a hellion (39 damage)
             ... with damnation
             ... on level 2 of the Abyss.
             The game lasted 01:05:45 (35244 turns).

Peloso the Fencer (Minotaur Fighter)               Turns: 35244, Time: 01:05:46

Health: -2/150     AC: 29    Str: 36    XL:     16   Next: 89%
Magic:  15/17      EV: 14    Int:  5    God:    Okawaru [******]
Gold:   1348       SH: 18    Dex: 13    Spells: 15/15 levels left

rFire   . . .      SeeInvis .   a - +3 scimitar (flame)
rCold   + . .      Faith    .   q - +2 kite shield
rNeg    . . .      Spirit   .   m - +1 storm dragon scales of Noox {rElec rPois}
rPois   +          Reflect  .   C - +0 hat {Will+}
rElec   +          Harm     .   E - +1 cloak {rCorr}
rCorr   +          Rampage  .   N - +1 pair of gloves of the Apothecary {rCorr Str+4}
Will    ++...                   L - +1 pair of boots {Fly}
Stlth   +.........              (no amulet)
HPRegen 0.35/turn               i - ring of protection from cold
MPRegen 0.15/turn               Z - +6 ring of strength

@: heroic, flying
A: horns 2, retaliatory headbutt
a: Renounce Religion, Heroism, Finesse, Duel


You were on level 2 of the Abyss.
You worshipped Okawaru.
Okawaru was exalted by your worship.
You visited 4 branches of the dungeon, and saw 24 of its levels.
You visited the Abyss 1 time.
You also visited: Ossuary and Ice Cave.

You collected 2509 gold pieces.
You spent 1161 gold pieces at shops.

Inventory:

Hand Weapons
 a - a +3 scimitar of flaming (weapon)
 b - the +8 hand axe of Impermanence {flame, rElec Will+}
   (You found it on level 5 of the Dungeon)

   It burns those it strikes, dealing additional fire damage.
   Big, fiery blades are also staple armaments of hydra-hunters.
   rElec:     It insulates you from electricity.
   Will:      It increases your willpower.
 X - a +1 hand crossbow of flaming
Armour
 m - the +1 storm dragon scales of Noox (worn) {rElec rPois}
   (Okawaru gifted it to you on level 6 of the Lair of Beasts)

   rElec:     It insulates you from electricity.
   rPois:     It protects you from poison.
 q - a +2 kite shield (worn)
 C - a +0 hat of willpower (worn)
 E - a +1 cloak of preservation (worn)
 F - the +1 chain mail of the Shining Light {Str+4}
   (You found it on level 11 of the Dungeon)

   Str:       It affects your strength (+4).
 I - +0 fire dragon scales
 K - a +2 plate armour of cold resistance
 L - a +1 pair of boots of flying (worn)
 N - the +1 pair of gloves of the Apothecary (worn) {rCorr Str+4}
   (You found it in an ice cave)

   Str:       It affects your strength (+4).
   rCorr:     It protects you from acid and corrosion.
 W - a +0 buckler of fire resistance
Jewellery
 i - a ring of protection from cold (left hand)
 s - a ring of positive energy
 y - the amulet of Owney {Faith -Tele rC+ Str+3 Int+3}
   (You found it on level 7 of the Dungeon)

   [amulet of faith]

   It allows you to gain divine favour quickly.
   Str:       It affects your strength (+3).
   Int:       It affects your intelligence (+3).
   rC:        It protects you from cold.
   -Tele:     It prevents most forms of teleportation.
 z - a ring of poison resistance
 O - a ring of protection from cold
 Q - an amulet of faith
 R - a ring of see invisible
 Z - a +6 ring of strength (right hand)
Wands
 p - a wand of iceblast (23)
 t - a wand of charming (6)
 B - a wand of mindburst (20)
 D - a wand of flame (15)
 T - a wand of acid (5)
 Y - a wand of polymorph (6)
Scrolls
 c - a scroll of vulnerability {unknown}
 f - 7 scrolls of amnesia
 g - 5 scrolls of teleportation
 h - 4 scrolls of enchant weapon
 k - 3 scrolls of blinking
 l - 2 scrolls of identify
 o - a scroll of immolation
 v - 2 scrolls of acquirement {unknown}
 A - 3 scrolls of holy word
 H - 4 scrolls of fog {unknown}
 J - 3 scrolls of magic mapping
 M - 4 scrolls of enchant armour {unknown}
 S - 2 scrolls of fear
 V - a scroll of noise {unknown}
Potions
 d - 5 potions of might
 e - 10 potions of curing
 n - 2 potions of haste
 r - 4 potions of flight
 u - 2 potions of heal wounds
 w - 7 potions of ambrosia
 x - 2 potions of magic
 P - a potion of resistance
 U - a potion of invisibility
Miscellaneous
 j - a lightning rod (4/4)
 G - a phial of floods


   Skills:
 + Level 15.7(20.7) Fighting
 + Level 0.6(15.1) Short Blades
 + Level 16.8(21.8) Long Blades
 + Level 9.9(15.0) Axes
 + Level 0.7(11.3) Maces & Flails
 + Level 0.7(11.3) Polearms
 + Level 0.7(6.1) Staves
 + Level 0.6(6.0) Slings
 + Level 1.0(6.0) Bows
 + Level 0.6(5.6) Crossbows
 + Level 0.9(6.0) Throwing
 + Level 16.7(21.7) Armour
 + Level 7.0(12.0) Dodging
 + Level 2.7(7.7) Stealth
 + Level 16.6(21.6) Shields
 + Level 0.6(5.6) Unarmed Combat
 + Level 0.2 Spellcasting
 + Level 0.3 Conjurations
 + Level 0.2 Hexes
 + Level 0.5 Summonings
 + Level 0.3 Necromancy
 + Level 0.3 Translocations
 + Level 0.6 Transmutations
 + Level 0.3 Fire Magic
 + Level 0.3 Ice Magic
 + Level 0.3 Air Magic
 + Level 0.3 Earth Magic
 + Level 0.3 Poison Magic
 + Level 2.9 Invocations
 + Level 0.6 Evocations


You had 15 spell levels left.
You didn't know any spells.
Your spell library contained the following spells:

 Spells                   Type           Power      Damage    Failure   Level
 Sandblast                Erth           0%         2d4       77%         1
 Slow                     Hex            0%         N/A       78%         1
 Passwall                 Tmut/Erth      0%         N/A       87%         2
 Corpse Rot               Necr/Air       0%         N/A       89%         2
 Confusing Touch          Hex            0%         N/A       98%         3
 Ozocubu's Armour         Ice            0%         N/A       98%         3
 Portal Projectile        Hex/Tloc       0%         N/A       98%         3
 Stone Arrow              Conj/Erth      0%         3d7       98%         3
 Vampiric Draining        Necr           0%         2d6       98%         3
 Dispel Undead            Necr           0%         3d6       100%        4
 Leda's Liquefaction      Hex/Erth       0%         N/A       100%        4
 Alistair's Intoxication  Tmut/Pois      0%         N/A       100%        5
 Borgnjor's Vile Clutch   Necr/Erth      0%         N/A       100%        5
 Eringya's Noxious Bog    Tmut/Pois      0%         N/A       100%        6
 Ozocubu's Refrigeration  Ice            0%         4d5       100%        7
 Lehudib's Crystal Spear  Conj/Erth      0%         10d2      100%        8
 Call Canine Familiar     Summ           Unusable   N/A       N/A         3
 Animate Armour           Summ/Erth      Unusable   N/A       N/A         4
 Death Channel            Necr           Unusable   N/A       N/A         6

Dungeon Overview and Level Annotations

Branches:
Dungeon (15/15)            Temple (1/1) D:7            Lair (6/6) D:8
  Swamp (0/4) Lair:4       Spider (0/4) Lair:3        Slime (0/5) Lair:5
    Orc (2/2) D:9             Elf (0/3) Orc:2        Vaults (0/5) D:13
 Depths (0/4) D:15        Ossuary (visited)           IceCv (visited)

Altars:
Cheibriados
Dithmenos
Elyvilon
Fedhas
Gozag
Hepliaklqana
Kikubaaqudgha
Makhleb
Nemelex Xobeh
Okawaru
Qazlal
Ru
Sif Muna
Trog
Uskayaw
Vehumet
Wu Jian
Xom
Yredelemnul
Zin
The Shining One
Beogh
Jiyva

Shops:
D:2 ?   D:3 !   D:9 [   D:13 *   Orc:2 [[(?[

Annotations:
Lair:1 3 runed translucent doors, GreyArmor's ghost, novice TrBe


Innate Abilities, Weirdness & Mutations

You have a pair of horns on your head.
You reflexively headbutt those who attack you in melee.


Message History

You headbutt the white draconian!
The white draconian is almost dead.
You slash the white draconian! You burn the white draconian.
The white draconian is almost dead.
The white draconian breathes frost at you.
The blast of cold hits you. You resist.
You barely miss the white draconian.
Your headbutt misses the white draconian.
The white draconian is almost dead.
You block the white draconian's attack.
You slice the white draconian!! You burn the white draconian.
You kill the white draconian!
That felt strangely unrewarding.
You see here a +0 battleaxe.
A hellion comes into view.
The hellion gives a hideous shriek!
A starcursed mass comes into view.
You gain the combat prowess of a mighty hero.
The hellion gestures at you.
The sphere of damnation explodes!
The damnation engulfs you!! The hellion gestures at you.
The sphere of damnation explodes!
The damnation engulfs you!
You hear a roar! x2; You hear a bark!
The starcursed mass shrieks in your mind.
You slice the hellion!! You burn the hellion!
The hellion is almost dead.
A starcursed mass splits.
A thrashing horror comes into view.
The hellion gestures at you.
The sphere of damnation explodes!
The damnation engulfs you!!
* * * LOW HITPOINT WARNING * * *
The damnation engulfs the hellion.
The hellion completely resists.
The thrashing horror roars!
You closely miss the hellion. Your headbutt misses the hellion.
The hellion is almost dead.
A chorus of shrieks assaults your mind.
* * * LOW HITPOINT WARNING * * *
The hellion gestures at you.
The sphere of damnation explodes!
The damnation engulfs you!!!
You die...

. # # .. ##.#.
.# # ..# . .#
## # #.# .####
# .
..###..X.#.# #.
# #....#.X.# ..
. #..#2.# .
####.@.# # .
.#.#.#.## .
.##.)#..# .
##...#.# . .# .
..#.##.# . # #
.X#...##..
#.#.#......####
. . .#..#..###.
. #. ..###.


You could see 2 starcursed masses, a thrashing horror and a hellion.

Vanquished Creatures
  Rupert (D:12)
  Gastronok (D:8)
  Kirke (Lair:4)
  An orc warlord (Orc:2)
  A white draconian (Abyss:2)
  2 fire dragons
  An ettin (D:15)
  Josephine (Lair:4)
  12 hydras
  5 boulder beetles
  Erolcha (D:12)
  2 centaur warriors
  The ghost of benitares the Cleaver, a journeyman FoFi of Okawaru (D:10)
  Erica (D:8)
  5 tengu warriors
  2 dancing weapons
  8 two-headed ogres
  7 death yaks
  2 thrashing horrors (Abyss:2)
  A soul eater (Abyss:2)
  2 wretched stars (Abyss:2)
  A fire crab (Lair:6)
  4 skeletal warriors (D:15)
  2 bog bodies (IceCv)
  An orb spider (Lair:3)
  A wizard (D:15)
  2 orc knights (Orc:2)
  Pikel (D:5)
  3 deep elf pyromancers
  An orc sorcerer (D:15)
  An oklob plant (Lair:3)
  5 ugly things
  4 cyclopes
  2 manticores (D:13)
  6 slime creatures
  A worldbinder (Abyss:2)
  An ice statue (IceCv)
  20 elephants
  7 black mambas
  Maurice (D:9)
  A titan simulacrum (Abyss:2)
  A cane toad (shapeshifter) (D:13)
  12 cane toads
  2 gargoyles
  2 large abominations (Abyss:2)
  3 unseen horrors
  A freezing wraith (D:14)
  13 rime drakes
  7 komodo dragons
  2 efreet (D:15)
  Psyche (D:8)
  An ancient zyme (Abyss:2)
  2 tengu conjurers
  A troll (shapeshifter) (D:14)
  8 trolls
  8 hornets
  6 polar bears (Lair:6)
  A queen bee (D:10)
  A tyrant leech (Lair:4)
  13 blink frogs
  7 dream sheep
  2 shadows
  13 spriggans
  3 dire elephant simulacra
  5 wraiths
  4 wyverns
  A ynoxinul (Abyss:2)
  3 basilisks
  2 water elementals (D:14)
  2 humans (Lair:4)
  4 fire bats (D:12)
  4 hogs (Lair:3)
  55 yaks
  Eustachio (D:5)
  11 steam dragons
  Grum (D:8)
  5 vampire mosquitoes (D:13)
  3 swamp worms (Lair:4)
  5 acid dragons
  A warg (Orc:2)
  3 harpy simulacra (IceCv)
  22 water moccasins
  A hell hound (D:12)
  26 orc warriors
  2 necrophages
  15 centaurs
  4 boggarts (Lair:6)
  5 ogres
  27 wolves
  2 lemures (D:5)
  13 bullfrogs
  2 kobold brigands
  An elf zombie (Ossuary)
  A gnoll sergeant (D:12)
  A wyvern zombie (D:9)
  2 cane toad simulacra (IceCv)
  11 two-headed ogre simulacra (IceCv)
  A scorpion (Lair:2)
  2 elephant simulacra (IceCv)
  5 wights (D:10)
  19 killer bees
  3 electric eels
  A howler monkey (D:4)
  A bullfrog zombie (D:6)
  2 lava snakes (D:12)
  A jelly (D:3)
  4 centaur zombies
  A bullfrog skeleton (D:6)
  22 orc priests
  4 hounds
  A centaur skeleton (D:6)
  Ijyb (D:4)
  5 iguanas
  27 orc wizards
  4 troll simulacra (IceCv)
  3 polar bear simulacra (IceCv)
  6 spriggan simulacra (IceCv)
  A wolf simulacrum (IceCv)
  2 mummies (Ossuary)
  A howler monkey zombie (D:6)
  2 naga simulacra (IceCv)
  7 gnolls
  8 adders
  10 white imps
  2 ufetubi (IceCv)
  An adder zombie (Ossuary)
  A worm (D:3)
  4 dart slugs
  110 orcs
  7 bats
  8 endoplasms
  5 giant cockroaches
  14 goblins
  9 hobgoblins
  6 jackals
  3 quokkas
  8 ball pythons
  4 frilled lizards
  8 hobgoblin zombies (Ossuary)
  3 jackal zombies (Ossuary)
  19 kobolds
  12 kobold zombies (Ossuary)
  9 orc zombies (Ossuary)
  A quokka skeleton (D:4)
  A quokka zombie (D:8)
  3 rats
  3 rat zombies
  2 fire vortices (D:12)
865 creatures vanquished.

Vanquished Creatures (others)
  A bush (Lair:4)
  A fire vortex (D:12)
  29 fungi
  49 plants
80 creatures vanquished.

Grand Total: 945 creatures vanquished

Notes
Turn   | Place    | Note
-------+----------+-------------------------------------------
     0 | D:1      | Peloso the Minotaur Fighter began the quest for the Orb.
     0 | D:1      | Reached XP level 1. HP: 19/19 MP: 0/0
   102 | D:1      | Reached XP level 2. HP: 18/27 MP: 1/1
   649 | D:1      | Reached XP level 3. HP: 27/33 MP: 2/2
   973 | D:2      | Found Alazy's Magic Scroll Shoppe.
  1676 | D:2      | Reached XP level 4. HP: 40/40 MP: 3/3
  1746 | D:3      | Found Ytuzin's Distillery.
  2545 | D:3      | Reached skill level 1 in Dodging
  2682 | D:3      | Reached skill level 5 in Shields
  2682 | D:3      | Reached XP level 5. HP: 45/46 MP: 4/4
  2781 | D:4      | Reached skill level 5 in Armour
  2781 | D:4      | Reached XP level 6. HP: 40/53 MP: 5/5
  2951 | D:4      | Reached skill level 5 in Long Blades
  3086 | D:4      | Found a shimmering altar of Xom.
  3175 | D:4      | Reached XP level 7. HP: 52/60 MP: 6/6
  3376 | D:4      | Noticed Ijyb
  3390 | D:4      | Killed Ijyb
  3501 | D:5      | Entered Level 5 of the Dungeon
  3895 | D:5      | Found a basalt altar of Yredelemnul.
  3949 | D:5      | Noticed Eustachio
  3959 | D:5      | Killed Eustachio
  4083 | D:5      | Noticed Pikel
  4084 | D:5      | Identified the +8 hand axe of Impermanence {flame, rElec
                  | Will+}
  4092 | D:5      | Killed Pikel
  4093 | D:5      | Reached skill level 5 in Fighting
  4093 | D:5      | Reached XP level 8. HP: 53/68 MP: 7/7
  4473 | D:6      | Reached skill level 1 in Axes
  5429 | D:7      | Reached XP level 9. HP: 64/75 MP: 8/8
  5476 | D:7      | Found a staircase to the Ecumenical Temple.
  5490 | Temple   | Entered the Ecumenical Temple
  5519 | Temple   | Became a worshipper of Warmaster Okawaru
  5699 | D:7      | Reached skill level 5 in Axes
  5944 | D:7      | Identified the amulet of Owney {Faith -Tele rC+ Str+3
                  | Int+3}
  6004 | D:7      | Found a sparkling altar of Nemelex Xobeh.
  6344 | D:8      | Found a sacrificial altar of Ru.
  6413 | D:8      | Found a sand-covered staircase.
  6431 | Ossuary  | Entered an ossuary
  6690 | D:8      | Reached skill level 1 in Stealth
  6847 | D:8      | Found a staircase to the Lair.
  6893 | D:8      | Found a hazy altar of Hepliaklqana.
  6915 | D:8      | Noticed Grum
  6926 | D:8      | Reached * piety under Okawaru
  6938 | D:8      | Noticed a two-headed ogre
  7241 | D:8      | Killed a two-headed ogre
  7241 | D:8      | Reached ** piety under Okawaru
  7249 | D:7      | Reached XP level 10. HP: 23/86 MP: 7/9
  7520 | D:8      | Killed Grum
  7598 | D:8      | Noticed Erica
  7598 | D:8      | Noticed Gastronok
  7610 | D:8      | Killed Gastronok
  7610 | D:8      | Reached *** piety under Okawaru
  7610 | D:8      | Received a gift from Okawaru
  7617 | D:8      | Killed Erica
  7618 | D:8      | Reached skill level 10 in Armour
  7644 | D:8      | Noticed Psyche
  7652 | D:8      | Killed Psyche
  8166 | D:8      | Found an opulent altar of Gozag.
  8282 | D:8      | Found a glowing golden altar of the Shining One.
  8466 | D:9      | Noticed a two-headed ogre
  8467 | D:9      | Reached skill level 1 in Invocations
  8487 | D:9      | Killed a two-headed ogre
  8617 | D:9      | Noticed a two-headed ogre
  8628 | D:9      | Killed a two-headed ogre
  8628 | D:9      | Reached **** piety under Okawaru
  8629 | D:9      | Reached XP level 11. HP: 36/94 MP: 7/10
  8906 | D:9      | Found Rackopri's Armour Boutique.
  8908 | D:9      | Found a staircase to the Orcish Mines.
  9139 | D:9      | Noticed Maurice
  9146 | D:9      | Killed Maurice
  9300 | D:9      | Reached ***** piety under Okawaru
  9315 | D:9      | Reached skill level 10 in Long Blades
  9582 | D:9      | Found a shadowy altar of Dithmenos.
  9959 | D:9      | Found a blossoming altar of Fedhas.
 10147 | D:10     | Entered Level 10 of the Dungeon
 10178 | D:10     | Noticed a two-headed ogre
 10184 | D:10     | Killed a two-headed ogre
 10376 | D:10     | Found a transporter.
 10380 | D:10     | Found a transporter.
 10401 | D:10     | Noticed benitares's ghost (journeyman FoFi)
 10674 | D:10     | Found a radiant altar of Vehumet.
 11377 | D:11     | Identified the +1 chain mail of the Shining Light {Str+4}
 11418 | D:11     | Noticed a two-headed ogre
 11426 | D:11     | Killed a two-headed ogre
 12320 | D:12     | Noticed a fire dragon
 12351 | D:12     | Killed a fire dragon
 12537 | D:12     | Noticed a tengu warrior
 12632 | Lair:1   | Entered Level 1 of the Lair of Beasts
 12640 | Lair:1   | Reached XP level 12. HP: 71/106 MP: 12/12
 12653 | Lair:1   | Received a gift from Okawaru
 12657 | Lair:1   | Reached skill level 10 in Fighting
 12666 | Lair:1   | HP: 2/106 [yak (12)]
 13820 | Lair:1   | Noticed an eight-headed hydra
 13827 | Lair:1   | Killed a four-headed hydra
 14171 | Lair:1   | Reached skill level 10 in Shields
 14552 | Lair:1   | Found a burning altar of Makhleb.
 14895 | Lair:1   | Received a gift from Okawaru
 15016 | Lair:1   | Found a runed translucent gate.
 15016 | Lair:1   | Found a runed translucent gate.
 15016 | Lair:1   | Found a runed translucent gate.
 15018 | Lair:1   | Noticed a nine-headed hydra
 15019 | Lair:1   | Noticed GreyArmor's ghost (novice TrBe)
 15020 | Lair:1   | Noticed a 12-headed hydra
 15600 | Lair:2   | Noticed a four-headed hydra
 15606 | Lair:2   | Killed a one-headed hydra
 16954 | Lair:3   | Reached XP level 13. HP: 116/116 MP: 13/13
 16959 | Lair:3   | Reached ****** piety under Okawaru
 17243 | Lair:3   | Received a gift from Okawaru
 17251 | Lair:3   | You fall into a shaft and drop 1 floor!
 17251 | Lair:4   | Noticed Josephine
 17270 | Lair:4   | Killed Josephine
 17963 | Lair:3   | Found a hole to the Spider Nest.
 18348 | Lair:3   | Received a gift from Okawaru
 18843 | Lair:4   | Noticed Kirke
 19324 | Lair:4   | Killed Kirke
 20229 | Lair:4   | Found a staircase to the Swamp.
 20367 | Lair:4   | Identified the +1 scale mail of Insurance {+Inv rPois
                  | Will++} (Okawaru gifted it to you on level 4 of the Lair of
                  | Beasts)
 20367 | Lair:4   | Received a gift from Okawaru
 20506 | Lair:4   | Noticed a fire dragon
 20519 | Lair:4   | Killed a fire dragon
 20531 | Lair:4   | Reached skill level 15 in Long Blades
 21301 | D:12     | Noticed Rupert
 21327 | D:12     | Killed Rupert
 21328 | D:12     | Reached skill level 15 in Armour
 21328 | D:12     | Reached XP level 14. HP: 104/129 MP: 12/14
 21441 | D:12     | Noticed Erolcha
 21452 | D:12     | Killed Erolcha
 22098 | D:12     | Identified the ring of Sygiulad {Ice Int+7 Dex-5}
 22671 | Orc:1    | Entered Level 1 of the Orcish Mines
 22906 | Orc:2    | Entered Level 2 of the Orcish Mines
 23321 | Orc:2    | Found Beul's Armour Boutique.
 23357 | Orc:2    | Bought a +1 pair of boots of flying for 264 gold pieces
 24113 | Orc:2    | Found Jaannitu's Antique Armour Shoppe.
 24127 | Orc:2    | Found Hadiemn's Antique Weapon Emporium.
 24265 | Orc:2    | Noticed an orc warlord
 24279 | Orc:2    | Killed an orc warlord
 24466 | Orc:2    | Found a staircase to the Elven Halls.
 24487 | Orc:2    | Found Efeynug's Antique Armour Shoppe.
 24509 | Orc:2    | Bought a tiger eye-encrusted plate armour for 672 gold
                  | pieces
 24509 | Orc:2    | Identified the +0 plate armour of the Solstice {rN+ Str-4
                  | Dex+4 Slay+5} (You bought it in a shop on level 2 of the
                  | Orcish Mines)
 24525 | Orc:2    | Bought a glowing kite shield for 180 gold pieces
 24993 | Orc:2    | Found Kuloass's Magic Scroll Emporium.
 24999 | Orc:2    | Bought a scroll of magic mapping for 45 gold pieces
 25841 | D:10     | Killed benitares's ghost
 26033 | D:12     | Reached skill level 5 in Dodging
 26185 | D:13     | Found a gate to the Vaults.
 26442 | D:13     | Found Zin's Purification Station.
 26452 | D:13     | Found a glowing silver altar of Zin.
 27358 | D:13     | Identified the +1 robe of Autumn {Str+2} (Okawaru gifted it
                  | to you on level 13 of the Dungeon)
 27358 | D:13     | Received a gift from Okawaru
 27826 | Lair:5   | Found a frozen archway.
 27839 | IceCv    | Entered an ice cave
 28557 | IceCv    | Identified the +1 pair of gloves of the Apothecary {rCorr
                  | Str+4}
 28881 | Lair:5   | Identified the +2 ring mail of the Tortured Wumpus {rPois}
 29066 | Lair:5   | Reached XP level 15. HP: 122/139 MP: 15/15
 29433 | Lair:5   | Found a staircase to the Slime Pits.
 29433 | Lair:5   | Found a viscous altar of Jiyva.
 29801 | Lair:6   | Entered Level 6 of the Lair of Beasts
 30244 | Lair:6   | Reached skill level 15 in Fighting
 30705 | Lair:6   | Identified the +1 storm dragon scales of Noox {rElec rPois}
                  | (Okawaru gifted it to you on level 6 of the Lair of Beasts)
 30705 | Lair:6   | Received a gift from Okawaru
 30721 | Lair:6   | Reached skill level 1 in Bows
 30721 | Lair:6   | Reached XP level 16. HP: 149/149 MP: 15/17
 30750 | Lair:6   | Reached skill level 15 in Shields
 33470 | D:14     | Found an iron altar of Okawaru.
 33647 | D:15     | Entered Level 15 of the Dungeon
 34667 | D:15     | Found a staircase to the Depths.
 34692 | D:15     | Cast into level 2 of the Abyss (a wizard)
 35244 | Abyss:2  | Killed from afar by a hellion

Illustrated notes

Levels and vault maps discovered:
D:1:      ncdulo_lavacross, layout_basic, minmay_vboxes
D:2:      layout_basic, serial_shops, nicolae_shop_crystal, minmay_heptomino_o4
D:3:      minmay_octagon_keep, layout_basic, serial_shops,
          nicolae_shop_hallway_plus
D:4:      cheibrodos_pilgrimage, layout_cave_pools, xom_teletrap_fun,
          corexii_corridor_pit, minmay_strange_pillars, uniq_ijyb
D:5:      layout_basic, lemuel_doored_altar, uniq_eustachio, uniq_pikel
D:6:      layout_cave_pools
D:7:      layout_basic, nemelex_dance_club_becter, temple_fountains
D:8:      layout_cave_pools, tso_altar, mainiacjoe_overflow_alcove_4,
          nicolae_ru_great_annihilating_truth,
          nicolae_gozag_cash_rules_everything_around_me, enter_ossuary_4,
          uniq_erica, uniq_gastronok, uniq_grum, uniq_psyche
D:9:      layout_basic, overflow_temple_1_default,
          mainiacjoe_overflow_six_doors_small, orc_david_3, nrook_mini_vaults,
          minmay_misc_feat_rugged, uniq_maurice
D:10:     layout_roguey, mainiacjoe_overflow_surrounded_room,
          gammafunk_ghost_hive
D:11:     layout_rooms, grunt_decor_resistance
D:12:     layout_irregular_city, hangedman_incinerator, uniq_rupert,
          uniq_erolcha
D:13:     layout_loops_cross, erik_vaults_1, chequers_serial_rivers_small_b,
          zin_purify
D:14:     layout_rooms, okawaru_gym_becter
D:15:     hangedman_depths_entry_civil_slaughter, layout_basic,
          hangedman_abyss_or_decor_passed, minmay_more_statues
Temple:   minmay_temple_bridge_abc
Lair:1:   layout_misc_corridors, gammafunk_ghost_hydra_chop,
          lemuel_centaur_altar, grunt_megastairs_3, lemuel_fruit_fields
Lair:2:   layout_regular_city, wad_woods_road_03
Lair:3:   layout_regular_city, nicolae_spider_entry_orb_guardian
Lair:4:   layout_loops_ring, palyth_hydra_swamp_entry, bobbens_dragon_lair_wall,
          grunt_megastairs_4, uniq_kirke, uniq_josephine
Lair:5:   layout_cave_pods, slime_altar_1, portal_ice_cave_entry_pillars_1
Lair:6:   minmay_lair_end_enchanted_forest, layout_regular_city,
          nicolae_quartered_pool_impasse, st_stairs_7, serial_bayou_shore_a,
          lemuel_fruit_fields, grunt_megastairs_5
Orc:1:    layout_caves
Orc:2:    grunt_orc_community_town_hall, layout_diamond_mine,
          grunt_orc_community_big_house_2, grunt_orc_community_big_house_1,
          grunt_orc_community_house_2, grunt_orc_community_house_3,
          grunt_orc_community_house_1, grunt_orc_community_house_1,
          grunt_orc_community_house_1, serial_shops, nicolae_diamond_shop,
          mines1_david
Abyss:2:  base: D:7, evilmike_abyss_exit_10

Skill      XL: |  1  2  3  4  5  6  7  8  9 10 11 12 13 14 15 16 |
---------------+-------------------------------------------------+-----
Shields        | 4 5 6 7 8 9 10 11 13 14 16 | 16.6
Fighting       | 4 5 7 8 9 11 13 14 15 | 15.7
Armour         | 4 5 6 7 8 10 12 13 15 16 | 16.7
Long Blades    | 3 4 5 7 9 12 13 15 16 | 16.8
Dodging        | 1 2 3 4 5 6 7 |  7.0
Axes           | 4 7 9 |  9.9
Stealth        | 1 2 |  2.7
Invocations    | 1 2 |  2.9
Bows           | 1 |  1.0
Short Blades   | |  0.6
Maces & Flails | |  0.7
Polearms       | |  0.7
Staves         | |  0.7
Slings         | |  0.6
Crossbows      | |  0.6
Throwing       | |  0.9
Unarmed Combat | |  0.6
Spellcasting   | |  0.2
Conjurations   | |  0.3
Hexes          | |  0.2
Summonings     | |  0.5
Necromancy     | |  0.3
Translocations | |  0.3
Transmutations | |  0.6
Fire Magic     | |  0.3
Ice Magic      | |  0.3
Air Magic      | |  0.3
Earth Magic    | |  0.3
Poison Magic   | |  0.3
Evocations     | |  0.6

Action                   |  1- 3 |  4- 6 |  7- 9 | 10-12 | 13-15 | 16-18 || total
-------------------------+-------+-------+-------+-------+-------+-------++-------
Melee: Long sword        |    98 |   125 |    38 |       |       |       ||   261
       Headbutt          |    13 |    21 |    36 |   126 |   251 |   115 ||   562
       Hand axe          |       |       |   179 |    19 |       |       ||   198
       Scimitar          |       |       |       |   512 |  1181 |   430 ||  2123
Invok: Heroism           |       |       |     2 |    10 |    14 |     8 ||    34
Evoke: Wand              |       |       |       |     4 |       |       ||     4
  Use: Potion            |     3 |       |     1 |     4 |     2 |       ||    10
       Scroll            |     2 |     3 |       |    10 |     4 |     4 ||    23
 Stab: Paralysed         |       |       |     1 |       |       |       ||     1
Armor: Scale mail        |    57 |    36 |       |     7 |       |       ||   100
       Plate armour      |       |    20 |   162 |    98 |       |       ||   280
       Chain mail        |       |       |       |   177 |   513 |     2 ||   692
       Fire dragon scale |       |       |       |       |     4 |       ||     4
       Storm dragon scal |       |       |       |       |       |   268 ||   268
Dodge: Dodged            |    48 |    53 |    82 |   189 |   428 |   201 ||  1001
Block: Buckler           |    31 |    35 |    90 |   234 |   214 |       ||   604
       Kite shield       |       |       |       |       |   473 |   404 ||   877
